AoeStats
← gnitaek

Hideout

503468872Analyzed
3v3 RM · 1mo ago on Aug 31, 2026· 38m 33s· 6 players
Game mode
Random Map
Map size
Normal (6 player)
Population
200
Speed
Normal
Resources
Standard
Victory
Conquest
Starting age
Dark Age
Ending age
Imperial Age
RankedLock teamsTeams togetherTeam positionsShared explorationLock speedFull tech treeHidden civsTurbo modeCheats
Victory
Defeat
🇮🇪 Saracens · Ireland
1233
+12
🇮🇪 Celts · Ireland
1212
+13
🇮🇪 Hindustanis · Ireland
1112
+18
🇸🇪 Mongols · Sweden
1232
-18
🇸🇪 Berbers · Sweden
1147
-14
🇸🇪 Hindustanis · Sweden
1075
-11
Hammarn
5:10 Loom
12:12 Feudal Age
12:20 Feudal Age
13:38 Double-Bit Axe
15:24 Horse Collar
21:37 Castle Age
20:55 Fletching
21:06 Padded Archer Armor
22:33 Bodkin Arrow
23:11 Bloodlines
23:02 Husbandry
24:46 Bow Saw
26:10 Ballistics
30:27 Thumb Ring
31:26 Kasbah
35:08 Scale Barding Armor
35:13 Forging
35:28 Light Cavalry
Mathjohan
11:48 Feudal Age
15:30 Loom
18:33 Castle Age
18:04 Bloodlines
18:33 Double-Bit Axe
19:11 Forging
26:57 Stone Mining
27:24 Bow Saw
26:57 Horse Collar
28:23 Husbandry
34:35 Gold Mining
37:43 Iron Casting
37:09 Scale Mail Armor
37:54 Gold Shaft Mining
borgff
11:28 Feudal Age
13:02 Loom
15:40 Castle Age
17:38 Double-Bit Axe
17:40 Horse Collar
19:47 Fletching
22:14 Bodkin Arrow
25:55 Ballistics
26:51 Padded Archer Armor
28:53 Leather Archer Armor
31:36 Bloodlines
31:27 Husbandry
Darkham
1:59 Loom
11:26 Feudal Age
17:08 Castle Age
15:31 Double-Bit Axe
16:18 Horse Collar
19:46 Wheelbarrow
21:49 Bow Saw
22:32 Heavy Plow
23:44 Husbandry
23:55 Bloodlines
25:11 Hand Cart
26:44 Scale Mail Armor
26:54 Forging
28:22 Chain Mail Armor
29:27 Town Watch
33:02 Iron Casting
36:37 Imperial Age
37:27 Elite Ghulam
gnitaek
10:20 Feudal Age
11:07 Double-Bit Axe
11:16 Horse Collar
10:58 Man-at-Arms
12:26 Arson
12:47 Loom
20:48 Castle Age
20:10 Scale Mail Armor
20:20 Forging
21:17 Wheelbarrow
21:08 Long Swordsman
22:14 Pikeman
22:23 Pikeman
23:12 Heavy Plow
27:46 Chain Mail Armor
28:07 Iron Casting
28:42 Hand Cart
30:39 Fletching
32:29 Ballistics
36:18 Imperial Age
34:31 Town Watch
36:24 Capped Ram
37:01 Halberdier
berserker-latko
7:02 Loom
9:17 Feudal Age
9:44 Double-Bit Axe
11:30 Fletching
12:43 Horse Collar
19:22 Castle Age
18:32 Padded Archer Armor
19:52 Crossbowman
20:38 Bodkin Arrow
27:30 Thumb Ring
28:36 Ballistics
31:11 Wheelbarrow
37:09 Imperial Age
35:25 Leather Archer Armor
37:00 Hand Cart
37:11 Arbalester
38:24 Bracer
Connection lost

Rejoining the realm…

Still unreachable

The connection could not be restored.

Session expired

The server has moved on; the page needs a fresh start.